 Dungeon Crawl Stone Soup version 0.25.1-8-g42b30a86e7 (webtiles) character file.

Game seed: 5526035661506612206

83 Clowwww the Skirmisher (level 4, 0/35 HPs)
             Began as a Demonspawn Fighter on Dec 26, 2020.
             Was an Initiate of Trog.
             Slain by a worm (1 damage)
             ... on level 3 of the Dungeon.
             The game lasted 00:04:07 (2072 turns).

Clowwww the Skirmisher (Demonspawn Fighter)         Turns: 2072, Time: 00:04:08

Health: 0/35       AC:  9    Str: 18    XL:     4   Next: 22%
Magic:  4/4        EV:  7    Int:  9    God:    Trog [......]
Gold:   102        SH:  9    Dex: 12    Spells: 3/3 levels left

rFire    . . .     SeeInvis .   a - +0 war axe
rCold    . . .     Gourm    .   c - +0 kite shield
rNeg     . . .     Faith    .   b - +0 scale mail
rPois    .         Spirit   .   (no helmet)
rElec    .         Reflect  .   (no cloak)
rCorr    .         Harm     .   (no gloves)
MR       .....                  h - +0 pair of boots
Stlth    ..........             (no amulet)
HPRegen  0.11/turn              (no ring)
MPRegen  0.09/turn              (no ring)

@: mighty, lethally poisoned (0 -> -1)
A: claws 1, yellow scales 1
a: Renounce Religion


You were on level 3 of the Dungeon.
You worshipped Trog.
Trog was noncommittal.
You were not hungry.

You visited 1 branch of the dungeon, and saw 4 of its levels.

You collected 102 gold pieces.

Inventory:

Hand Weapons
 a - a +0 war axe (weapon)
Armour
 b - a +0 scale mail (worn)
 c - a +0 kite shield (worn)
 h - a +0 pair of boots (worn)
Jewellery
 l - an uncursed ring of ice {unknown}
Wands
 o - a wand of clouds (7)
Scrolls
 e - 8 scrolls of identify {unknown}
 g - 3 scrolls of remove curse {unknown}
 i - 2 scrolls of fear {unknown}
 j - 2 scrolls of teleportation {unknown}
 m - a scroll of fog {unknown}
Potions
 k - a potion of flight {unknown}
 p - 2 potions of curing {unknown}
Comestibles
 f - 6 rations


   Skills:
 + Level 3.5 Fighting
 + Level 2.8 Axes
 + Level 3.0 Armour
 + Level 0.8 Dodging
 + Level 0.3 Stealth
 + Level 3.0 Shields


You had 3 spell levels left.
You didn't know any spells.
Your spell library was empty.

Dungeon Overview and Level Annotations

Branches:
Dungeon (4/15)
 Temple: D:4-7

Altars:
Makhleb
Qazlal
Trog


Innate Abilities, Weirdness & Mutations

You have sharp fingernails.
You are partially covered in yellow scales. (AC +2)


Message History

Trog accepts your kill.
You closely miss the adder. You hit the worm but do no damage.
* * * LOW HITPOINT WARNING * * *
You feel sick. The adder bites you.
* * * LOW HITPOINT WARNING * * *
You feel very mighty all of a sudden. You block the adder's attack.
You block the worm's attack. The adder bites you but does no damage.
You slash the worm!
The worm is heavily wounded.
You hit the adder but do no damage. You block the adder's attack.
The worm barely misses you.
You barely miss the worm.
The worm is heavily wounded.
You slash the adder!
You kill the adder!
Trog accepts your kill.
* * * LOW HITPOINT WARNING * * *
You feel sick. The worm bites you.
You die...

.. #.......##... ... #.
#.###.......# .#....
#.###........ ...#.
####.##....##.## #...
#........#.##.#
#.#.##.##...[...##..
.#.#......##.......#####
......w#((##..........
#.##.)@..##.#.###.###
#.###...<#.# ... ..
#.#..... .... ...
#....##.# .. ##. ...#>.#
.. ..##.# . ... ..


You could see a worm.

Vanquished Creatures
  2 adders (D:3)
  An ooze (D:1)
  A worm (D:3)
  2 dart slugs
  An orc (D:3)
  A ball python (D:1)
  2 giant cockroaches
  4 hobgoblins
  3 jackals (D:1)
  8 bats
  A frilled lizard (D:1)
  12 goblins
  7 kobolds
  7 rats
52 creatures vanquished.

Notes
Turn   | Place    | Note
-------+----------+-------------------------------------------
     0 | D:1      | Clowwww the Demonspawn Fighter began the quest for the Orb.
     0 | D:1      | Reached XP level 1. HP: 18/18 MP: 1/1
   335 | D:1      | Gained mutation: You have sharp fingernails. [demonic
                  | ancestry]
   335 | D:1      | Reached XP level 2. HP: 11/24 MP: 2/2
   830 | D:1      | Reached XP level 3. HP: 29/29 MP: 3/3
  1522 | D:2      | You fall into a shaft and drop 2 floors!
  1541 | D:4      | Found a bloodstained altar of Trog.
  1543 | D:4      | Found a burning altar of Makhleb.
  1545 | D:4      | Found a stormy altar of Qazlal.
  1549 | D:4      | Became a worshipper of Trog the Wrathful
  2054 | D:3      | Gained mutation: You are partially covered in yellow
                  | scales. (AC +2) [demonic ancestry]
  2054 | D:3      | Reached XP level 4. HP: 35/35 MP: 4/4
  2072 | D:3      | HP: 1/35 [poisoned by an adder]
  2072 | D:3      | Slain by a worm

Illustrated notes

Levels and vault maps discovered:
D:1:      co_arrival_random_square_maze, layout_basic, serial_bayou_pond_c,
          minmay_tromino_v7
D:2:      layout_rooms, grunt_ministairs_13, roderic_cross_of_infinity,
          uniq_sigmund, uniq_natasha
D:3:      layout_loops_cross, first_ration, chequers_jeans, minivault_5,
          minmay_fractal_squares_5
D:4:      layout_gridville, grunt_temple_overflow_open, minmay_cupped,
          uniq_blork_the_orc

Skill      XL: |  1  2  3 |
---------------+----------+-----
Axes           | 2 |  2.8
Shields        | 3 |  3.0
Armour         | 3 |  3.0
Fighting       | |  3.5
Dodging        | |  0.8
Stealth        | |  0.3

Action                   |  1- 3 |  4- 6 || total
-------------------------+-------+-------++-------
Melee: War axe           |   142 |    15 ||   157
  Use: Potion            |       |     1 ||     1
  Eat: Chunk             |     4 |       ||     4
Armor: Scale mail        |   108 |     6 ||   114
Dodge: Dodged            |    52 |     8 ||    60
Block: Kite shield       |    65 |    11 ||    76
